Unix NetHack Version 3.7.0-62 Work-in-progress - last build Aug 7 2022 04:32:40 (f254b98e4f4e6c2f4e816e90bd3419c5233a8e5f,branch:master). Game began 2022-08-09 09:21:29, ended 2022-08-09 09:57:18. Colobot, neutral male human Wizard ------------- #%##-...........| |...........| #####..<.........| # -+---.-----.- -------- # # .....C| ## # ....| # # -...|#### ## |..p|## # |Cf.|## # | |.e..## # |. -----...|# # |.....C...'.|# ---.-|-- |C......b.@C|#### |......| ------------- ##########-..^...| |.....>| |......| -------- Colobot the Conjurer St:13 Dx:9 Co:17 In:18 Wi:11 Ch:8 Neutral Dlvl:7 $:102 HP:0(32) Pw:21(48) AC:5 Xp:5/175 T:2152 Latest messages: In what direction? The dagger named cursed hits the floating eye. In what direction? The dagger named cursed hits the floating eye. In what direction? The dagger named cursed misses the floating eye. In what direction? The dagger named cursed misses the floating eye. Zofia bites the acid blob. You see here 4 daggers named cursed. Zofia misses the acid blob. K - 4 daggers named cursed. Zofia misses the acid blob. You hear snoring snakes. Suddenly, you notice a rock piercer. Zofia misses the rock piercer. You see here a statue of a plains centaur. Zofia bites the rock piercer. The rock piercer misses Zofia. Zofia misses the rock piercer. You ready: K - 4 daggers named cursed. In what direction? The dagger named cursed hits the floating eye. Zofia misses the rock piercer. Zofia misses the rock piercer. In what direction? The dagger named cursed hits the floating eye. Zofia misses the rock piercer. Zofia misses the floating eye. Zofia is frozen by the floating eye's gaze! In what direction? The dagger named cursed misses the floating eye. In what direction? The dagger named cursed hits the floating eye. You see here a statue of a plains centaur. You miss the rope golem. The rope golem hits! The rope golem hits! You hit the rope golem. Your hands no longer glow so brightly red. The rope golem appears confused. You hit the rope golem. The rope golem hits! The rope golem hits! The rope golem grabs you! You fail to cast the spell correctly. What do you want to take off? [B or ?*] The rope golem hits! The rope golem hits! You die... Major events: Turn 1: Colobot the neutral male human Wizard entered the dungeon 980: attained the rank of Conjurer (level 3) 1010: entered the Gnomish Mines 2152: killed by a rope golem, while disrobing Inventory: Weapons (')') I - a cursed -1 dagger named hand (weapon in hand) Armor ('[') B - an uncursed +0 chain mail (being doffed) Scrolls ('?') E - a blessed scroll of blank paper D - an uncursed scroll of blank paper n - an uncursed scroll of confuse monster j - an uncursed scroll of genocide q - an uncursed scroll of identify v - an uncursed scroll of magic mapping k - a blessed scroll of teleportation Spellbooks ('+') l - a blessed spellbook of force bolt u - an uncursed spellbook of healing m - an uncursed spellbook of light Potions ('!') g - an uncursed potion of blindness G - an uncursed potion of healing h - a blessed potion of object detection r - a blessed potion of oil f - an uncursed potion of sleeping C - an uncursed potion of water Rings ('=') e - an uncursed ring of free action H - an uncursed +3 ring of increase accuracy d - an uncursed ring of stealth Wands ('/') c - an uncursed wand of cancellation (0:6) t - an uncursed wand of cancellation (0:6) z - an uncursed wand of striking named empty (0:0) Tools ('(') J - an uncursed tallow candle y - an uncursed tin whistle Gems/Stones ('*') s - an uncursed worthless piece of black glass x - an uncursed worthless piece of orange glass Colobot the Wizard's attributes: Background: You were a Conjurer, a level 5 male human Wizard. You were neutral, on a mission for Thoth who was opposed by Ptah (lawful) and Anhur (chaotic). You were in the Dungeons of Doom, on level 7. You entered the dungeon 2152 turns ago. You had 175 experience points, 145 more were needed to attain level 6. Basics: You had 0 out of 32 hit points. You had 21 out of 48 energy points (spell power). Your armor class was 5. Your wallet contained 102 zorkmids. Autopickup was on for '$%?!"=/*', with exceptions. Final Characteristics: Your strength was 13 (limit:18/100). Your dexterity was 9 (limit:18). Your constitution was 17 (limit:18). Your intelligence was 18 (limit:18). Your wisdom was 11 (limit:18). Your charisma was 8 (limit:18). Final Status: You were not hungry. You were unencumbered. You were wielding a dagger. You were unskilled in dagger. Final Attributes: You were piously aligned. You were telepathic. You would have confused monsters when hitting them. You were warded. You are dead. Miscellaneous: You encountered 1 bones level. Total elapsed playing time was 35 minutes and 48 seconds. Vanquished creatures: a dust vortex a fog cloud a gnomish wizard 2 elf zombies a paper golem 2 giant ants 2 floating eyes a werejackal 2 iguanas 2 coyotes a large kobold a brown mold a green mold 3 red molds 2 gnomes 2 geckos 6 jackals a kobold a goblin 5 sewer rats 2 grid bugs 2 kobold zombies 2 newts 44 creatures vanquished. No species were genocided or became extinct. Voluntary challenges: You read items or engraved 8 times. You engraved Elbereth 5 times. You never genocided any monsters. You never polymorphed an object. You used no wishes. Achievements: You attained the rank of Conjurer. You entered the Gnomish Mines. The Dungeons of Doom: levels 1 to 8 Level 1: Level 2: Level 3: Level 4: Stairs down to The Gnomish Mines. Level 5: A fountain. Level 6: "bones" A sink. Final resting place for wmahan-Arc-Dwa-Mal-Law, killed by a wand. Level 7: <- You were here. Final resting place for you, killed by a rope golem, while disrobing. Level 8: The Gnomish Mines: Level 5: Game over: ---------- / \ / REST \ / IN \ / PEACE \ / \ | Colobot | | 102 Au | | killed by a rope | | golem | | | | | | 2022 | *| * * * | * _________)/\\_//(\/(/\)/\//\/|_)_______ Goodbye Colobot the Wizard... You died in The Dungeons of Doom on dungeon level 7 with 1142 points, and 102 pieces of gold, after 2152 moves. You were level 5 with a maximum of 32 hit points when you died.